AoeStats
← Erickinio

Arena

510210933Analyzed
4v4 RM · 1d ago on Sep 30, 2026· 37m 38s· 8 players
Game mode
Random Map
Map size
Large (8 player)
Population
200
Speed
Normal
Resources
Standard
Victory
Conquest
Starting age
Dark Age
Ending age
Imperial Age
RankedLock teamsTeams togetherTeam positionsShared explorationLock speedFull tech treeHidden civsTurbo modeCheats
Victory
Defeat
🇧🇷 Huns · Brazil
1137
+12
🇫🇷 Cumans · France
1136
+12
969
+19
🇦🇷 Celts · Argentina
966
+20
🇨🇦 Japanese · Canada
1110
-18
🇺🇸 Danes · United States
1050
-16
🇨🇴 Italians · Colombia
1045
-16
🇲🇽 Cumans · Mexico
969
-13
Komfy Kaiju
8:49 Loom
10:35 Feudal Age
15:59 Castle Age
14:08 Double-Bit Axe
16:51 Horse Collar
17:25 Bow Saw
21:12 Wheelbarrow
21:53 Gold Mining
24:09 Heavy Plow
27:25 Hand Cart
28:36 Gambesons
28:57 Squires
28:43 Arson
29:30 Forging
30:49 Iron Casting
30:15 Scale Mail Armor
32:03 Gold Shaft Mining
31:20 Stone Mining
35:56 Imperial Age
33:10 Hamask
36:06 Chain Mail Armor
davince0285
9:53 Feudal Age
12:13 Loom
17:24 Castle Age
15:37 Double-Bit Axe
15:35 Horse Collar
19:17 Bow Saw
19:34 Heavy Plow
26:59 Imperial Age
24:53 Fletching
25:37 Padded Archer Armor
25:33 Bodkin Arrow
25:50 Gold Mining
26:37 Padded Archer Armor
27:02 Ballistics
28:43 Chemistry
32:10 Leather Archer Armor
31:56 Bracer
33:22 Ring Archer Armor
36:39 Wheelbarrow
37:43 Thumb Ring
jalouis79
12:28 Feudal Age
13:07 Double-Bit Axe
13:42 Horse Collar
15:20 Forging
17:14 Castle Age
15:31 Scale Mail Armor
15:36 Stone Mining
16:49 Fletching
16:58 Gold Mining
22:35 Loom
25:27 Wheelbarrow
25:49 Chain Mail Armor
26:25 Bow Saw
26:34 Squires
27:58 Gambesons
28:52 Iron Casting
30:27 Hand Cart
30:44 Arson
32:51 Gold Shaft Mining
35:37 Imperial Age
34:02 Heavy Plow
34:16 Pikeman
glitter
2:19 Loom
JMB
10:33 Feudal Age
14:32 Castle Age
12:56 Double-Bit Axe
18:08 Wheelbarrow
17:51 Loom
21:49 Hand Cart
25:44 Scale Barding Armor
25:43 Stone Mining
25:45 Gold Mining
27:43 Chain Barding Armor
28:42 Gold Shaft Mining
31:15 Imperial Age
29:26 Forging
29:25 Horse Collar
30:48 Marauders
31:46 Bow Saw
32:46 Plate Barding Armor
32:06 Town Watch
32:49 Conscription
32:22 Elite Tarkan
34:12 Iron Casting
34:48 Two-Man Saw
37:30 Blast Furnace
malin la estrella xd
0:49 Loom
11:28 Feudal Age
13:05 Double-Bit Axe
18:16 Castle Age
19:18 Wheelbarrow
20:41 Horse Collar
23:59 Bow Saw
26:47 Heavy Plow
30:58 Imperial Age
29:52 Fletching
31:15 Pikeman
32:37 Elite Hussite Wagon
33:58 Hand Cart
35:10 Forging
35:03 Scale Mail Armor
36:23 Caravan
37:33 Siege Engineers
38:37 Ballistics
senninha
7:59 Loom
10:49 Feudal Age
14:57 Castle Age
14:37 Double-Bit Axe
14:35 Horse Collar
15:00 Town Watch
15:51 Wheelbarrow
16:45 Gold Mining
18:08 Fletching
19:26 Capped Ram
21:43 Padded Archer Armor
22:22 Bodkin Arrow
23:36 Leather Archer Armor
24:28 Stone Mining
25:06 Heavy Plow
27:48 Ballistics
28:16 Bow Saw
32:42 Gold Shaft Mining
36:33 Imperial Age
35:01 Bloodlines
38:14 Conscription
38:58 Chemistry
38:36 Ring Archer Armor
Erickinio
10:37 Feudal Age
11:08 Double-Bit Axe
10:46 Man-at-Arms
12:05 Loom
12:13 Arson
14:32 Forging
22:32 Castle Age
20:57 Scale Mail Armor
22:13 Stone Mining
22:15 Gold Mining
25:21 Chain Mail Armor
26:10 Gambesons
25:51 Long Swordsman
27:53 Horse Collar
29:15 Wheelbarrow
31:25 Masonry
32:00 Pikeman
33:56 Bow Saw
33:35 Horse Collar
34:44 Iron Casting
36:01 Stronghold
36:11 Murder Holes
36:37 Ballistics
36:46 Heavy Plow
37:28 Stone Shaft Mining
37:28 Gold Shaft Mining
Connection lost

Rejoining the realm…

Still unreachable

The connection could not be restored.

Session expired

The server has moved on; the page needs a fresh start.